 Dungeon Crawl Stone Soup version 0.30-a0-989-g0d87f670db (webtiles) character file.

Game seed: 5957225867475983336

63518 ytrimaz the Fighter (level 14, -7/149 HPs)
             Began as a Troll Transmuter on Apr 3, 2023.
             Was a High Priest of Makhleb.
             Mangled by a boulder beetle (9 damage)
             ... on level 13 of the Dungeon.
             The game lasted 00:42:33 (19614 turns).

ytrimaz the Fighter (Troll Transmuter)             Turns: 19614, Time: 00:42:34

Health: -7/149     AC: 11    Str: 21    XL:     14   Next: 68%
Magic:  22/22      EV:  9    Int: 19    God:    Makhleb [*****.]
Gold:   2576       SH:  0    Dex: 10    Spells: 11/26 levels left

rFire   . . .      SeeInvis .      - Unarmed
rCold   . . .      Faith    .    (no shield)
rNeg    . . .      Spirit   .    Q - +0 troll leather armour
rPois   .          Reflect  .    (helmet restricted)
rElec   .          Rampage  .    e - +0 cloak
rCorr   .          Rage     3%   (gloves unavailable)
Will    +....                    (boots unavailable)
Stlth   +                        d - amulet of regeneration
HPRegen 2.84/turn                P - +6 ring of intelligence
MPRegen 0.18/turn                t - +4 ring of protection

@: on berserk cooldown, studying Fire Magic
A: large, unfitting armour, claws 3, regeneration 1, shaggy fur 1, tough skin 1,
berserk 1
a: Renounce Religion, Minor Destruction, Lesser Servant of Makhleb, Major
Destruction, Greater Servant of Makhleb


You were on level 13 of the Dungeon.
You worshipped Makhleb.
Makhleb was extremely pleased with you.
You visited 4 branches of the dungeon, and saw 21 of its levels.
You also visited: Sewer and Ossuary.

You collected 3308 gold pieces.
You spent 732 gold pieces at shops.


Innate Abilities, Weirdness & Mutations

You are too large for most types of armour.
You have claws for hands.
Your natural rate of healing is unusually fast.
You are covered in fur. (AC +1)
You have tough skin. (AC +1)
You sometimes lose your temper in combat.


   Skills:
 - Level 12.0 Fighting
 - Level 1.5 Dodging
 - Level 8.0 Unarmed Combat
 + Level 6.6 Spellcasting
 - Level 4.0 Conjurations
 - Level 12.0 Transmutations
 - Level 9.0 Invocations


You had 11 spell levels left.
You knew the following spells:

 Your Spells              Type           Power      Damage    Failure   Level
a - Beastly Appendage     Tmut           100%       N/A       1%          1
b - Wereblood             Tmut           51%        N/A       1%          2
c - Irradiate             Conj/Tmut      18%        3d17      13%         5
d - Dragon Form           Tmut           25%        N/A       58%         7

Your spell library contained the following spells:

 Spells                   Type           Power      Damage    Failure   Level
 Blade Hands              Tmut           25%        N/A       2%          5
 Spider Form              Tmut/Pois      29%        N/A       3%          3
 Kiss of Death            Conj/Necr      52%        2d9       5%          1
 Ice Form                 Ice/Tmut       29%        N/A       11%         4
 Apportation              Tloc           12%        N/A       12%         1
 Cigotuvi's Dreadful Rot  Necr/Pois/Air  12%        N/A       19%         2
 Poisonous Vapours        Pois/Air       12%        N/A       19%         2
 Mephitic Cloud           Conj/Pois/Air  11%        N/A       22%         3
 Alistair's Intoxication  Tmut/Pois      19%        N/A       28%         5
 Confusing Touch          Hex            6%         N/A       36%         3
 Gell's Gravitas          Tloc           6%         N/A       36%         3
 Inner Flame              Hex/Fire       6%         N/A       36%         3
 Teleport Other           Tloc           6%         N/A       36%         3
 Cause Fear               Hex            3%         N/A       77%         4
 Dispel Undead            Necr           6%         3d8       77%         4
 Summon Lightning Spire   Summ/Air       6%         N/A       77%         4
 Dispersal                Tloc           3%         N/A       100%        6
 Storm Form               Tmut/Air       14%        N/A       100%        7
 Discord                  Hex            3%         N/A       100%        8
 Maxwell's Capacitive Co  Air            3%         ∞         100%        8

Inventory:

Missiles
 A - 2 throwing nets
Armour
 e - a +0 cloak (worn)
   (You found it on level 2 of the Dungeon)
 w - a +2 robe of cold resistance
   (You found it on level 6 of the Dungeon)
 D - +0 acid dragon scales
   (You found it on level 8 of the Dungeon)
 Q - a +0 troll leather armour (worn)
   (You found it on level 2 of the Orcish Mines)
Jewellery
 d - an amulet of regeneration (around neck)
   (You found it on level 2 of the Dungeon)
 m - a +6 ring of strength
   (You found it in a sewer)
 o - a ring of resist corrosion
   (You found it on level 3 of the Dungeon)
 t - a +4 ring of protection (right claw)
   (You found it on level 5 of the Dungeon)
 u - a ring of fire
   (You found it on level 5 of the Dungeon)
 v - a ring of see invisible
   (You found it on level 6 of the Dungeon)
 M - a ring of protection from cold
   (You found it on level 2 of the Lair of Beasts)
 N - a ring of magical power
   (You found it on level 5 of the Lair of Beasts)
 P - a +6 ring of intelligence (left claw)
   (You found it on level 4 of the Lair of Beasts)
Wands
 n - a wand of roots (10)
   (You took it off Urug on level 2 of the Orcish Mines)
 C - a wand of polymorph (11)
   (You found it on level 8 of the Dungeon)
 H - a wand of charming (5)
   (You found it on level 9 of the Dungeon)
 I - a wand of digging (6)
   (You found it on level 2 of the Lair of Beasts)
Scrolls
 g - 6 scrolls of enchant armour
 k - a scroll of acquirement
 y - 2 scrolls of amnesia
 z - 2 scrolls of teleportation
 E - 7 scrolls of identify
 F - a scroll of torment
 G - 4 scrolls of poison
 J - a scroll of magic mapping
 K - a scroll of vulnerability
 L - a scroll of enchant weapon
Potions
 a - 5 potions of attraction
 b - a potion of lignification
 c - a potion of resistance
 f - 7 potions of might
 h - a potion of heal wounds
 i - 5 potions of flight
 j - 5 potions of magic
 l - 9 potions of mutation
 p - 2 potions of invisibility
 r - 13 potions of curing
 s - 6 potions of haste
 x - 11 potions of brilliance
 B - 3 potions of ambrosia
 O - a potion of berserk rage

Dungeon Overview and Level Annotations

Branches:
Dungeon (13/15) Zot: 26934  Temple (1/1) D:7 Zot: 5910    Lair (5/5) D:8 Zot: 22525
 Shoals (0/4) Lair:3        Snake (0/4) Lair:2        Slime (0/5) Lair:4
    Orc (2/2) D:12 Zot: 9353     Elf (0/3) Orc:2         Sewer (visited)
Ossuary (visited)
 Vaults: D:13-14

Altars:
Ashenzari
Cheibriados
Dithmenos
Elyvilon
Fedhas
Gozag
Hepliaklqana
Kikubaaqudgha
Makhleb
Nemelex Xobeh
Okawaru
Qazlal
Ru
Sif Muna
Trog
Uskayaw
Vehumet
Wu Jian
Xom
Yredelemnul
Zin
The Shining One
Jiyva

Shops:
D:3 *   Orc:2 [![(

Portals:
Gauntlet: D:13

Annotations:
Lair:4 1 runed translucent door, MathMan16's ghost, journeyman HOBe

#☼.J○BEJJ..
##E######e?J
####○.# ####
#E>☼B## .
#B#### .$.
#○#
....######°#
........E○.#
#......@B###
#.######J..#
#.§.....
#....###
#......
#....###
#.<.## ...#


You could see a boulder beetle, a slime creature and a fire elemental
(summoned).


Message History

You take 5 damage, and now have 103/149 hp.
Unknown command.
The fire elemental hits you. The fire elemental burns you!
The slime creature is engulfed in blazing flames.
You howl as the wereblood boils in your veins!
Your transformation is almost over.
The fire elemental completely misses you.
Two slime creatures merge to form a large slime creature.
The boulder beetle is engulfed in blazing flames.
A slime creature comes into view.
The fire elemental hits you. The fire elemental burns you!
Two slime creatures merge to form a large slime creature.
Two slime creatures merge to form a very large slime creature.
The slime creature is engulfed in blazing flames. 😮 HP[+2]
You regained 2 hp, and now have 105/149 hp.
Unknown command.
The slime creature is engulfed in blazing flames.
The boulder beetle is engulfed in blazing flames.
The fire elemental barely misses you.
The slime creature is engulfed in blazing flames. 😮 HP[+4]
You regained 4 hp, and now have 109/149 hp.
The fire elemental hits you. The fire elemental burns you! 😮 HP[-5]
You take 5 damage, and now have 104/149 hp.
The fire elemental hits you. The fire elemental burns you!
The boulder beetle is engulfed in blazing flames. 😮 HP[-8]
You take 8 damage, and now have 96/149 hp.
You hear the beating of a drum very nearby.
Your primal bloodlust is almost over.
The fire elemental hits you. The fire elemental burns you!
There is a stone staircase leading down here. 😮 HP[-6]
You take 6 damage, and now have 90/149 hp.
Your horns disappear.
Your talons disappear.
The fire elemental hits you. The fire elemental burns you!
You see here a potion of curing. 😮 HP[-3]
You take 3 damage, and now have 87/149 hp.
The fire elemental hits you. The fire elemental burns you! 😮 HP[-5]
You take 5 damage, and now have 82/149 hp.
Unknown command.
Found a stone staircase leading down.
The fire elemental hits you. The fire elemental burns you! 😮 HP[-4]
You take 4 damage, and now have 78/149 hp.
Your primal bloodlust has ended.
The fire elemental barely misses you. 😮 HP[+4]
You regained 4 hp, and now have 82/149 hp.
A slime creature comes into view.
Found a stone staircase leading up.
The slime creature quivers.
The fire elemental barely misses you. 😮 HP[+4]
You regained 4 hp, and now have 86/149 hp.
Unknown command.
The fire elemental closely misses you.
There is a stone staircase leading down here. 😮 HP[+5]
You regained 5 hp, and now have 91/149 hp.
You claw the fire elemental! The fire elemental hits you.
The fire elemental burns you! The fire elemental hits you.
The fire elemental burns you! 😮 HP[-16]
You take 16 damage, and now have 75/149 hp.
Unknown command.
You barely miss the slime creature.
The fire elemental disappears in a puff of smoke!
The slime creature hits you!
* * * LOW HITPOINT WARNING * * *
The boulder beetle curls into a ball and begins rolling!
The slime creature hits you!
* * * LOW HITPOINT WARNING * * *
😨 HP[-16]
You take 16 damage, and now have 59/149 hp.
You barely miss the slime creature. The boulder beetle hits you!!!
* * * LOW HITPOINT WARNING * * *
The boulder beetle stops rolling and uncurls.
The slime creature hits you.
* * * LOW HITPOINT WARNING * * *
The boulder beetle bites you.
* * * LOW HITPOINT WARNING * * *
Unknown command. 😱 HP[-44]
You take 44 damage, and now have 15/149 hp.
MASSIVE DAMAGE!! (PAUSE)
Okay, then.
Your magical effects are unravelling.
You feel magically purged.
You feel yourself speed up. The fire elemental hits you.
The fire elemental burns you!
* * * LOW HITPOINT WARNING * * *
The slime creature hits you!
* * * LOW HITPOINT WARNING * * *
The boulder beetle bites you!
You die...

Skill      XL: |  1  2  3  4  5  6  7  8  9 10 11 12 13 14 |
---------------+-------------------------------------------+-----
Transmutations | 2 3 4 5 6 9 10 12 | 12.0
Unarmed Combat | 5 7 8 |  8.0
Fighting       | 5 9 11 12 | 12.0
Invocations    | 2 7 9 |  9.0
Spellcasting   | 3 6 |  6.6
Conjurations   | 4 |  4.0
Dodging        | |  1.5

Action                     |  1- 3 |  4- 6 |  7- 9 | 10-12 | 13-15 || total
---------------------------+-------+-------+-------+-------+-------++-------
  Melee: Unarmed           |    80 |   211 |   331 |   714 |   671 ||  2007
         Kick              |     3 |     1 |    25 |    71 |   119 ||   219
         Punch             |     1 |     5 |    14 |    49 |    55 ||   124
         Headbutt          |     1 |       |     8 |    54 |    73 ||   136
   Cast: Beastly Appendage |     5 |     1 |     9 |    27 |    26 ||    68
         Wereblood         |       |       |     8 |     5 |    10 ||    23
         Irradiate         |       |       |       |       |    18 ||    18
 Invoke: Lesser Servant of |       |       |       |       |     6 ||     6
    Use: Scroll            |     2 |     8 |     9 |    14 |     3 ||    36
         Potion            |       |       |       |     6 |    12 ||    18
   Stab: Sleeping          |       |       |     3 |       |       ||     3
         Distracted        |       |       |       |       |     1 ||     1
         Petrified         |       |       |       |       |     4 ||     4
 Armour: Robe              |    38 |    68 |   178 |     7 |       ||   291
         Acid dragon scale |       |       |       |   440 |   440 ||   880
         Skin              |       |       |       |       |    32 ||    32
         Troll leather arm |       |       |       |       |    19 ||    19
  Dodge: Dodged            |    47 |    89 |   174 |   353 |   397 ||  1060

Levels and vault maps discovered:
D:1:      ebering_hopf_link, layout_basic, hellmonk_ecumenical_altar_run_dry
D:2:      layout_rooms, uniq_jessica
D:3:      layout_basic, cheibrodos_sewer_entry_drain, serial_shops, shop,
          chequers_serial_rivers_small_3
D:4:      layout_loops_ring, glass_columns_b
D:5:      layout_basic, mainiacjoe_overflow_two_lobes,
          mainiacjoe_overflow_concentric_impassable, minmay_ruined_shrine
D:6:      layout_basic, uniq_menkaure, uniq_eustachio
D:7:      layout_basic, minmay_temple_entry_sparse_star,
          nicolae_ossuary_entry_ruins, minmay_manual_mess
D:8:      layout_basic, lair_entry_dummy
D:9:      layout_roguey, nicolae_elyvilon_peaceful_grove,
          mainiacjoe_overflow_chevrons
D:10:     layout_cave_pods, grunt_decor_one_mirror
D:11:     layout_loops_cross, slow_altar_1, uniq_josephine
D:12:     layout_big_octagon, erik_orc_1, uniq_erolcha
D:13:     layout_rooms, david_vaults_5, gauntlet_entry_generic,
          nicolae_wu_jian_immortal_techniques
Temple:   hellmonk_temple_divided_pantheon
Lair:1:   layout_roguey, grunt_megastairs_1
Lair:2:   layout_regular_city, dummy_snake_entry
Lair:3:   layout_layer_cave, minmay_shoals_entry_centaurs
Lair:4:   layout_cave_pods, dpeg_slime_entry_enclosed,
          ebering_ghost_inner_flame, small_statue_intersection,
          serial_bayou_shore_b, grunt_megastairs_2
Lair:5:   evilmike_catoblepas_cave, layout_cave_pods, grunt_megastairs_3,
          serial_bayou_shore_a
Orc:1:    layout_caves, nicolae_orc_pool_cavern
Orc:2:    st_orc_elflike, layout_caves, minmay_orc_keep, uniq_urug

Notes
Turn   | Place    | Note
-------+----------+-------------------------------------------
     0 | D:1      | ytrimaz the Troll Transmuter began the quest for the Orb.
     0 | D:1      | Reached XP level 1. HP: 18/18 MP: 1/1
     0 | D:1      | magus.rc [v1.9.6]
    53 | D:1      | Reached skill level 2 in Transmutations
    53 | D:1      | Reached XP level 2. HP: 24/26 MP: 2/2
   234 | D:1      | You pick up a book of Vapours and begin reading...
   234 | D:1      | You add the spells Poisonous Vapours, Cigotuvi's Dreadful
                  | Rot and Mephitic Cloud to your library.
   310 | D:1      | Found a faded altar of an unknown god.
   453 | D:1      | Reached XP level 3. HP: 31/32 MP: 3/3
   599 | D:2      | Noticed Jessica
   603 | D:2      | Killed Jessica
   604 | D:2      | Reached skill level 3 in Transmutations
   611 | D:2      | Reached XP level 4. HP: 40/40 MP: 4/4
   847 | D:2      | Identified a scroll of acquirement
   927 | D:3      | Learned a level 2 spell: Wereblood
   943 | D:3      | Found Syilycip's General Store.
   946 | D:3      | Found a glowing drain.
   951 | D:3      | Bought a potion of might for 44 gold pieces
   965 | Sewer    | Entered a sewer
  1036 | Sewer    | Reached XP level 5. HP: 46/46 MP: 5/5
  1078 | Sewer    | Reached skill level 4 in Transmutations
  1205 | Sewer    | Acquired 1116 gold pieces
  1363 | D:3      | Reached XP level 6. HP: 23/54 MP: 6/6
  1482 | D:3      | You pick up a book of Party Tricks and begin reading...
  1482 | D:3      | You add the spells Apportation and Alistair's Intoxication
                  | to your library.
  1634 | D:3      | Reached skill level 5 in Transmutations
  1994 | D:4      | Identified the +0 leather armour of Beus {rF+ Int-3 Slay+2
                  | SInv}
  2139 | D:4      | Reached skill level 4 in Unarmed Combat
  2564 | D:5      | Entered Level 5 of the Dungeon
  2566 | D:5      | Noticed an ice beast
  2573 | D:5      | Killed an ice beast
  2574 | D:5      | Reached skill level 5 in Unarmed Combat
  2574 | D:5      | Reached XP level 7. HP: 50/61 MP: 7/7
  2574 | D:5      | Found a stormy altar of Qazlal.
  2598 | D:5      | Reached skill level 6 in Unarmed Combat
  2694 | D:5      | Reached skill level 7 in Unarmed Combat
  2721 | D:5      | You add the spells Gell's Gravitas, Teleport Other and
                  | Dispersal to your library.
  2726 | D:5      | Learned a level 3 spell: Spider Form
  2829 | D:5      | Reached XP level 8. HP: 53/68 MP: 8/8
  3009 | D:5      | Found a bloodstained altar of Trog.
  3064 | D:5      | Found a radiant altar of Vehumet.
  3069 | D:5      | Reached skill level 8 in Unarmed Combat
  3069 | D:5      | Reached skill level 1 in Fighting
  3094 | D:5      | Reached skill level 2 in Fighting
  3113 | D:5      | Found a glowing silver altar of Zin.
  3227 | D:5      | Reached skill level 3 in Fighting
  3468 | D:6      | Noticed Eustachio
  3473 | D:6      | Reached skill level 4 in Fighting
  3501 | D:6      | Killed Eustachio
  3545 | D:6      | Reached skill level 5 in Fighting
  3732 | D:6      | Reached XP level 9. HP: 88/88 MP: 7/9
  3839 | D:6      | Noticed Menkaure
  3846 | D:6      | Killed Menkaure
  3951 | D:6      | Reached skill level 6 in Fighting
  4393 | D:7      | Reached skill level 7 in Fighting
  4416 | D:7      | Found a staircase to the Ecumenical Temple.
  4510 | D:7      | Noticed a kobold demonologist
  4531 | D:7      | Noticed a hellwing
  4537 | D:7      | Noticed a soul eater
  4539 | D:7      | Killed a kobold demonologist
  4546 | D:7      | Reached skill level 8 in Fighting
  4618 | D:7      | Found a sand-covered staircase.
  4634 | Ossuary  | Entered an ossuary
  5338 | Temple   | Entered the Ecumenical Temple
  5338 | Temple   | Found a transporter.
  5338 | Temple   | Found a transporter.
  5340 | Temple   | Found a transporter.
  5340 | Temple   | Found a transporter.
  5364 | Temple   | Became a worshipper of Makhleb the Destroyer
  5480 | D:8      | Found a staircase to the Lair.
  5526 | D:8      | Paralysed by a hornet for 1 turns
  5528 | D:8      | Reached skill level 9 in Fighting
  5528 | D:8      | Reached XP level 10. HP: 39/107 MP: 8/10
  5887 | D:8      | Reached * piety under Makhleb
  5914 | D:8      | Reached skill level 10 in Fighting
  6180 | D:9      | Found a white marble altar of Elyvilon.
  6250 | D:9      | Found a hazy altar of Hepliaklqana.
  6286 | D:9      | Paralysed by a hornet for 2 turns
  6372 | D:9      | You pick up a book of Touch and begin reading...
  6372 | D:9      | You add the spells Kiss of Death, Confusing Touch and
                  | Dispel Undead to your library.
  6693 | D:9      | You pick up a book of Transfigurations and begin reading...
  6693 | D:9      | You add the spells Irradiate, Blade Hands and Dragon Form
                  | to your library.
  6846 | D:10     | Entered Level 10 of the Dungeon
  6922 | D:10     | Noticed a gargoyle
  6939 | D:10     | Killed a gargoyle
  7028 | D:10     | Reached skill level 11 in Fighting
  7701 | D:11     | Reached skill level 6 in Transmutations
  7726 | D:11     | Noticed Josephine
  7736 | D:11     | Killed Josephine
  7737 | D:11     | Reached XP level 11. HP: 120/120 MP: 9/11
  7799 | D:11     | Found a snail-covered altar of Cheibriados.
  7875 | D:11     | You pick up a book of Hexes and begin reading...
  7875 | D:11     | You add the spells Inner Flame, Cause Fear and Discord to
                  | your library.
  7877 | D:11     | Noticed a brown ugly thing
  7885 | D:11     | Killed a brown ugly thing
  7935 | D:11     | Noticed a two-headed ogre
  7940 | D:11     | Killed a two-headed ogre
  7945 | D:11     | Reached ** piety under Makhleb
  8094 | D:11     | Noticed a two-headed ogre
  8100 | D:11     | Killed a two-headed ogre
  8101 | D:11     | Reached skill level 7 in Transmutations
  8514 | D:11     | Reached skill level 12 in Fighting
  8613 | D:12     | Noticed a cyan ugly thing
  8624 | D:12     | HP: 30/123 [cyan ugly thing (15)]
  8625 | D:12     | Killed a cyan ugly thing
  8864 | D:12     | Noticed a boulder beetle
  8880 | D:12     | Killed a boulder beetle
  8881 | D:12     | Reached skill level 8 in Transmutations
  9012 | D:12     | Noticed Erolcha
  9026 | D:12     | Killed Erolcha
  9098 | D:12     | Found a staircase to the Orcish Mines.
  9342 | Orc:1    | Entered Level 1 of the Orcish Mines
  9515 | Orc:1    | Reached skill level 1 in Invocations
  9518 | Orc:1    | Noticed an orc warlord
  9544 | Orc:1    | Reached *** piety under Makhleb
  9580 | Orc:1    | Killed an orc warlord
  9581 | Orc:1    | Reached skill level 9 in Transmutations
  9581 | Orc:1    | Reached skill level 2 in Invocations
  9581 | Orc:1    | Reached XP level 12. HP: 75/132 MP: 12/12
  9790 | Orc:2    | Entered Level 2 of the Orcish Mines
  9806 | Orc:2    | Found a staircase to the Elven Halls.
  9922 | Orc:2    | Noticed an orc high priest
  9928 | Orc:2    | Noticed an orc high priest
 10019 | Orc:2    | Learned a level 5 spell: Irradiate
 10072 | Orc:2    | Reached skill level 3 in Invocations
 10167 | Orc:2    | Noticed an orc high priest
 10172 | Orc:2    | Noticed Urug
 10633 | Orc:1    | Reached **** piety under Makhleb
 10655 | Orc:2    | Paralysed by an orc sorcerer for 5 turns
 10884 | Orc:1    | Killed an orc high priest
 10885 | Orc:1    | Reached skill level 4 in Invocations
 11016 | Orc:2    | Found Yniczus's Armour Shop.
 11063 | Orc:2    | HP: 28/198 [orc knight/+0 battleaxe (42)]
 11069 | Orc:2    | HP: 2/132 [orc knight/+0 battleaxe (24)]
 11164 | Orc:1    | Reached skill level 5 in Invocations
 11296 | Orc:2    | Killed Urug
 11297 | Orc:2    | Reached skill level 10 in Transmutations
 11334 | Orc:2    | Found Biodgh Ygoe's Antique Armour Emporium.
 11335 | Orc:2    | Found Budas's Antique Weapon Shop.
 11336 | Orc:2    | Found Nocse's Distillery.
 11360 | Orc:2    | Bought a potion of curing for 48 gold pieces
 11360 | Orc:2    | Bought a potion of haste for 160 gold pieces
 11360 | Orc:2    | Bought a potion of magic for 128 gold pieces
 11360 | Orc:2    | Bought a potion of curing for 48 gold pieces
 11360 | Orc:2    | Bought a potion of curing for 48 gold pieces
 11360 | Orc:2    | Bought a potion of mutation for 128 gold pieces
 11360 | Orc:2    | Bought a potion of cancellation for 128 gold pieces
 11618 | Orc:2    | Gained mutation: You sometimes lose your temper in combat.
                  | [a neqoxec]
 11861 | Orc:2    | Killed an orc high priest
 11862 | Orc:2    | Reached skill level 6 in Invocations
 12015 | Lair:1   | Entered Level 1 of the Lair of Beasts
 12345 | Lair:1   | You pick up a book of the Sky and begin reading...
 12345 | Lair:1   | You add the spells Summon Lightning Spire, Storm Form and
                  | Maxwell's Capacitive Coupling to your library.
 12868 | Lair:1   | Reached skill level 7 in Invocations
 12995 | Lair:1   | Reached XP level 13. HP: 88/136 MP: 17/17
 13396 | Lair:2   | Found a staircase to the Snake Pit.
 14307 | Lair:3   | Found a staircase to the Shoals.
 14339 | Lair:3   | Reached skill level 11 in Transmutations
 14909 | Lair:3   | Reached skill level 8 in Invocations
 14975 | Lair:3   | Reached ***** piety under Makhleb
 15419 | Lair:4   | Found a runed translucent door.
 15420 | Lair:4   | Noticed MathMan16's ghost (journeyman HOBe)
 15536 | Lair:4   | Found a viscous altar of Jiyva.
 15536 | Lair:4   | Found a staircase to the Slime Pits.
 15640 | Lair:4   | Reached skill level 9 in Invocations
 15685 | Lair:4   | Reached skill level 12 in Transmutations
 15790 | Lair:4   | Reached skill level 2 in Spellcasting
 16339 | Lair:5   | Entered Level 5 of the Lair of Beasts
 16642 | Lair:5   | Reached skill level 3 in Spellcasting
 16737 | Lair:5   | HP: 32/140 [cane toad (15)]
 16739 | Lair:4   | HP: 15/140 [blink frog (13)]
 16744 | Lair:4   | HP: 17/140 [poisoned by a cane toad]
 17076 | Lair:5   | Reached XP level 14. HP: 149/149 MP: 19/19
 17083 | Lair:5   | Reached skill level 4 in Spellcasting
 17152 | Lair:5   | Reached skill level 1 in Conjurations
 17432 | Lair:5   | Reached skill level 2 in Conjurations
 17489 | Lair:5   | HP: 24/149 [death yak (21)]
 17490 | Lair:5   | HP: 1/149 [death yak (23)]
 17563 | Lair:5   | HP: 35/149 [cane toad (6)]
 17911 | Lair:5   | Reached skill level 3 in Conjurations
 17945 | Lair:5   | HP: 54/223 [death yak (16)]
 17946 | Lair:5   | Reached skill level 5 in Spellcasting
 17948 | Lair:5   | HP: 25/223 [death yak (16)]
 17949 | Lair:5   | HP: 1/223 [death yak (16)]
 17954 | Lair:5   | HP: 51/223 [cane toad (6)]
 18364 | Lair:5   | Reached skill level 4 in Conjurations
 18689 | Lair:5   | Reached skill level 6 in Spellcasting
 18758 | Lair:5   | HP: 36/149 [death yak (22)]
 18761 | Lair:5   | HP: 10/149 [death yak (11)]
 19516 | Orc:2    | Learned a level 7 spell: Dragon Form
 19555 | D:13     | Found a gate leading to a gauntlet.
 19613 | D:13     | HP: 27/149 [boulder beetle (36)]
 19614 | D:13     | HP: 10/149 [fire elemental[a deep elf pyromancer] (9)]
 19614 | D:13     | HP: 2/149 [slime creature (8)]
 19614 | D:13     | Mangled by a boulder beetle

Vanquished Creatures
  An orc warlord (Orc:1)
  Josephine (D:11)
  Erolcha (D:12)
  2 hydras (Lair:5)
  4 catoblepae (Lair:5)
  A boulder beetle (D:12)
  10 death yaks (Lair:5)
  2 two-headed ogres (D:11)
  2 orc high priests
  Urug (Orc:2)
  A fire crab (Lair:5)
  3 skysharks
  A lindwurm (Lair:2)
  4 orc knights
  3 manticores
  2 ugly things
  4 orc sorcerers
  2 black mambas
  2 torpor snails
  2 gargoyles
  13 elephants
  14 cane toads
  2 rime drakes
  2 kobold demonologists
  9 komodo dragons
  3 hornets
  A polar bear (Lair:4)
  5 trolls
  12 blink frogs
  6 dream sheep (Lair:4)
  3 slime creatures
  2 wyverns
  5 wraiths
  A shadow (D:10)
  56 yaks
  Eustachio (D:6)
  3 basilisks
  Menkaure (D:6)
  3 vampire mosquitoes (D:12)
  An acid dragon (D:8)
  A warg (Orc:1)
  10 water moccasins
  20 orc warriors
  A swamp drake (D:12)
  4 black bears
  4 ice beasts
  A sky beast (D:6)
  5 wolves (Lair:4)
  4 ogres
  10 centaurs
  4 kobold brigands
  16 bullfrogs
  2 gnoll sergeants
  3 scorpions
  4 wights (D:8)
  5 killer bees (D:8)
  2 electric eels (D:12)
  2 howler monkeys
  An iron imp (D:11)
  3 gnoll boudas
  20 orc priests
  6 hounds
  2 jellies (D:5)
  3 sleepcaps
  Jessica (D:2)
  3 iguanas
  23 orc wizards
  4 hell rats (Lair:1)
  A mummy (Ossuary)
  22 gnolls
  11 adders
  3 shadow imps
  A white imp (D:7)
  4 ufetubi
  3 worms
  3 dart slugs
  52 orcs
  7 spectral bats (Ossuary)
  6 ball pythons
  8 endoplasms
  10 giant cockroaches
  9 goblins
  9 hobgoblins
  4 jackals (D:1)
  17 kobolds
  7 quokkas
  5 bats
  2 bat simulacra (Ossuary)
  4 frilled lizards
  9 gnoll zombies (Ossuary)
  2 goblin simulacra (Ossuary)
  4 goblin zombies (Ossuary)
  4 hobgoblin zombies (Ossuary)
  5 kobold simulacra (Ossuary)
  6 kobold zombies (Ossuary)
  4 orc zombies (Ossuary)
  4 rats
  4 rat simulacra (Ossuary)
  A spectral goblin (Ossuary)
  A spectral kobold (Ossuary)
  3 spectral rats (Ossuary)
591 creatures vanquished.

Vanquished Creatures (collateral kills)
  A hydra (Lair:4)
  2 elephants (Lair:4)
  A wolf (Lair:4)
  A bullfrog (Lair:4)
5 creatures vanquished.

Vanquished Creatures (others)
  2 slime creatures (D:13)
  An orc warrior (D:12)
  2 orc wizards (Orc:2)
  2 orcs (Orc:2)
  A butterfly (D:9)
  14 fungi
  32 plants
54 creatures vanquished.

Grand Total: 650 creatures vanquished

Table legend:
 A = Non-vault XP
 B = Vault XP
 C = Vault XP percentage of total XP
 D = Non-vault monster count
 E = Vault monster count
 F = Vault count percentage of total count
                 A         B        C        D         E       F
            +---------+---------+-------+---------+---------+-------
      Total |   60724 |   30016 |  33.1 |     401 |     195 |  32.7
            +---------+---------+-------+---------+---------+-------
        D:1 |      44 |       0 |   0.0 |      23 |       0 |   0.0
        D:2 |      50 |      37 |  42.5 |      18 |       1 |   5.3
        D:3 |     169 |       3 |   1.7 |      19 |       2 |   9.5
        D:4 |     199 |       0 |   0.0 |      19 |       0 |   0.0
        D:5 |     943 |     450 |  32.3 |      17 |       9 |  34.6
        D:6 |     774 |     374 |  32.6 |      18 |       2 |  10.0
        D:7 |    1238 |     830 |  40.1 |      24 |       6 |  20.0
        D:8 |    1824 |       0 |   0.0 |      27 |       0 |   0.0
        D:9 |    1025 |       0 |   0.0 |      14 |       0 |   0.0
       D:10 |    1944 |       0 |   0.0 |      14 |       0 |   0.0
       D:11 |    4947 |    1568 |  24.1 |      15 |       5 |  25.0
       D:12 |    2418 |    1451 |  37.5 |      14 |      18 |  56.2
       D:13 |     131 |       0 |   0.0 |       4 |       0 |   0.0
     Lair:1 |    6186 |     495 |   7.4 |      26 |       3 |  10.3
     Lair:2 |    1858 |       0 |   0.0 |       5 |       0 |   0.0
     Lair:3 |    4331 |     451 |   9.4 |      15 |       4 |  21.1
     Lair:4 |    9761 |    4484 |  31.5 |      36 |      17 |  32.1
     Lair:5 |   18768 |   11049 |  37.1 |      44 |      26 |  37.1
      Orc:1 |    2751 |    3580 |  56.5 |      28 |       9 |  24.3
      Orc:2 |    1363 |    5014 |  78.6 |      21 |      24 |  53.3
      Sewer |       0 |     139 | 100.0 |       0 |      16 | 100.0
    Ossuary |       0 |      91 | 100.0 |       0 |      53 | 100.0
            +---------+---------+-------+---------+---------+-------

Illustrated notes

Table legend:
 A = Kills in this place as a percentage of kills in the entire game.
 B = Kills by you in this place as a percentage of kills by you in the entire game.
 C = Kills by friends in this place as a percentage of kills by friends in the entire game.
 D = Other kills in this place as a percentage of other kills in the entire game.
 E = Experience gained in this place as a percentage of experience gained in the entire game.
 F = Experience gained in this place divided by the number of levels of this place that you have seen.
                   A       B       C       D       E      F
               +-------+-------+-------+-------+-------+----------------------
         Total | 100.0 | 100.0 | 100.0 | 100.0 | 100.0 | 3945.2
       Dungeon |  45.1 |  45.4 |   0.0 | 100.0 |  22.5 | 1570.7
          Lair |  29.5 |  29.0 | 100.0 |   0.0 |  63.2 | 11476.6
  Orcish Mines |  13.8 |  13.9 |   0.0 |   0.0 |  14.0 | 6354.0
         Sewer |   2.7 |   2.7 |   0.0 |   0.0 |   0.2 | 139.0
       Ossuary |   8.9 |   9.0 |   0.0 |   0.0 |   0.1 |  91.0
               +-------+-------+-------+-------+-------+----------------------

Table legend: (Time is in decaauts)
 A = Elapsed time spent in this place.
 B = Non-inter-level travel time spent in this place.
 C = Inter-level travel time spent in this place.
 D = Time resting spent in this place.
 E = Time spent auto-exploring this place.
 F = Levels seen in this place.
 G = Mean time per level.
                   A        B        C        D        E       F      G
               +--------+--------+--------+--------+--------+-----+--------+
         Total |  19664 |  18347 |   1317 |   1826 |  11806 |  23 |  855.0 |
       Dungeon |   8873 |   8179 |    694 |    265 |   6008 |  13 |  682.5 |
        Temple |     89 |     77 |     12 |      0 |      0 |   1 |   89.0 |
          Lair |   7475 |   6983 |    492 |    722 |   4635 |   5 | 1495.0 |
  Orcish Mines |   2646 |   2527 |    119 |    839 |    906 |   2 | 1323.0 |
         Sewer |    245 |    245 |      0 |      0 |     90 |   1 |  245.0 |
       Ossuary |    334 |    334 |      0 |      0 |    167 |   1 |  334.0 |
               +--------+--------+--------+--------+--------+-----+--------+

Top non-repeatable levels by time:
  Lair:5: 2486 daAuts
  Lair:4: 1653 daAuts
   Orc:1: 1546 daAuts
  Lair:3: 1279 daAuts
   Orc:2: 1100 daAuts
  Lair:1: 1047 daAuts
  Lair:2: 1008 daAuts
    D:11: 940 daAuts
     D:5: 856 daAuts
    D:12: 855 daAuts
    D:10: 852 daAuts
     D:7: 826 daAuts
     D:9: 767 daAuts
     D:6: 726 daAuts
     D:3: 718 daAuts
